 Dungeon Crawl Stone Soup version 0.27.1 (webtiles) character file.

Game seed: 15952571687292950539

210 selver the Conjurer (level 5, -1/35 HPs)
             Began as a Demonspawn Hedge Wizard on Aug 22, 2021.
             Slain by Grinder (7 damage)
             ... while paralysed by Grinder
             ... on level 3 of the Dungeon.
             The game lasted 00:10:35 (3740 turns).

selver the Conjurer (Demonspawn Hedge Wizard)       Turns: 3740, Time: 00:10:36

Health: -1/35      AC:  8    Str: 11    XL:     5   Next: 56%
Magic:  4/9        EV:  2    Int: 16    God:
Gold:   66         SH:  0    Dex: 12    Spells: 6/10 levels left

rFire    . . .     SeeInvis .   k - +2 dagger (venom)
rCold    . . .     Faith    .   (no shield)
rNeg     . . .     Spirit   .   b - +0 robe
rPois    .         Reflect  .   c - +0 hat
rElec    .         Harm     .   (no cloak)
rCorr    .         Rampage  .   (no gloves)
Will     .....                  (no boots)
Stlth    ++........             (no amulet)
HPRegen  0.11/turn              (no ring)
MPRegen  0.11/turn              (no ring)

@: paralysed, sanguine armoured
A: talons 2, sanguine armour 1
a: no special abilities


You were on level 3 of the Dungeon.
You visited 1 branch of the dungeon, and saw 3 of its levels.

You collected 66 gold pieces.

Inventory:

Hand Weapons
 k - a +2 dagger of venom (weapon)
Armour
 b - a +0 robe (worn)
 c - a +0 hat (worn)
Wands
 a - a wand of flame (16)
Scrolls
 d - 2 scrolls of fog {unknown}
 e - a scroll of fear {unknown}
 f - 2 scrolls of teleportation {unknown}
 h - a scroll of enchant armour {unknown}
 i - a scroll of brand weapon {unknown}
Potions
 g - a potion of flight {unknown}
 j - a potion of haste {unknown}


   Skills:
 - Level 1.7 Dodging
 - Level 1.7 Stealth
 - Level 3.0 Spellcasting
 * Level 5.4 Conjurations
 - Level 1.0 Summonings
 - Level 0.8 Translocations
 + Level 1.0 Poison Magic


You had 6 spell levels left.
You knew the following spells:

 Your Spells              Type           Power      Damage    Failure   Level
a - Magic Dart            Conj           76%        1d6       1%          1
b - Mephitic Cloud        Conj/Pois/Air  9%         N/A       24%         3

Your spell library contained the following spells:

 Spells                   Type           Power      Damage    Failure   Level
 Call Imp                 Summ           5%         N/A       19%         2
 Conjure Flame            Conj/Fire      11%        6-21      19%         3
 Blink                    Tloc           N/A        N/A       21%         2
 Slow                     Hex            2%         N/A       28%         2
 Summon Guardian Golem    Hex/Summ       4%         N/A       41%         3
 Confusing Touch          Hex            2%         N/A       50%         3
 Yara's Violent Unravell  Hex/Tmut       1%         3d3       99%         5
 Orb of Destruction       Conj           9%         9d4       100%        7
 Spellforged Servitor     Conj/Summ      6%         N/A       100%        7


Dungeon Overview and Level Annotations

Branches:
Dungeon (3/15)

Altars:
Uskayaw

Annotations:
D:3 Grinder


Innate Abilities, Weirdness & Mutations

You have razor-sharp toenails.
When seriously injured, your bleeding wounds create armour. (AC +6)


Message History

Grinder is lightly wounded.
Grinder gestures at you. Pain shoots through your body!
Casting: Magic Dart (safe; 1% risk of failure)
Confirm with . or Enter, or press ? or * to list all spells.
Okay, then.
Casting: Magic Dart (safe; 1% risk of failure)
Confirm with . or Enter, or press ? or * to list all spells.
Aiming: Magic Dart (safe; 1% risk of failure)
Press: ? - help, Shift-Dir - straight line, f/p - Grinder
Aim: Grinder (lightly wounded, 100% to hit)
The magic dart hits Grinder.
Grinder is lightly wounded.
Casting: Magic Dart (safe; 1% risk of failure)
Confirm with . or Enter, or press ? or * to list all spells.
Aiming: Magic Dart (safe; 1% risk of failure)
Press: ? - help, Shift-Dir - straight line, f/p - Grinder
Aim: Grinder (lightly wounded, 100% to hit)
The magic dart hits Grinder.
Grinder is moderately wounded.
Grinder blinks!
Grinder blinks!
You closely miss Grinder. Your kick misses Grinder.
Grinder is moderately wounded.
Grinder says, "DUCK!"
Grinder hits you!
Your blood congeals into armour.
You writhe in agony.
You closely miss Grinder. Your kick misses Grinder.
Grinder is moderately wounded.
Grinder gestures at you.
You suddenly lose the ability to move!
Grinder hits you.
You writhe in agony.
Grinder says, "You look like you could use a good racking."
Grinder hits you.
* * * LOW HITPOINT WARNING * * *
You writhe in agony.
* * * LOW HITPOINT WARNING * * *
Grinder gestures at you. You resist with significant effort. Grinder hits you!
You die...

# #..... #####.
##.... #...#. ##...
#.... #...
#...#############...
#....)..............
#...# #######.#####
####...####### #..#
#.....@##....###.##
#.####.5.........#
### #
#...P..P...#####..
#................#
#..P......P...#####
#.............#
#.............#
#..P......P.).#
#.............#


You could see Grinder.

Vanquished Creatures
  Jessica (D:3)
  Natasha (thrice) (D:3)
  5 adders
  A worm (D:2)
  2 dart slugs (D:2)
  6 ball pythons
  5 endoplasms
  2 giant cockroaches (D:2)
  2 goblins (D:3)
  4 hobgoblins
  4 jackals (D:2)
  9 kobolds
  4 quokkas
  2 bats (D:2)
  4 frilled lizards
  4 rats
58 creatures vanquished.

Vanquished Creatures (others)
  3 plants (D:2)
3 creatures vanquished.

Grand Total: 61 creatures vanquished

Notes
Turn   | Place    | Note
-------+----------+-------------------------------------------
     0 | D:1      | selver the Demonspawn Hedge Wizard began the quest for the
                  | Orb.
     0 | D:1      | Reached XP level 1. HP: 13/13 MP: 4/4
   412 | D:1      | Reached skill level 2 in Conjurations
   521 | D:1      | Gained mutation: You have sharp toenails. [demonic
                  | ancestry]
   521 | D:1      | Reached XP level 2. HP: 19/19 MP: 1/6
   601 | D:1      | Found a faded altar of an unknown god.
  1397 | D:2      | Reached skill level 3 in Conjurations
  1403 | D:2      | Reached XP level 3. HP: 21/24 MP: 1/7
  2427 | D:2      | Gained mutation: When seriously injured, your bleeding
                  | wounds create armour. (AC +6) [demonic ancestry]
  2427 | D:2      | Reached XP level 4. HP: 27/30 MP: 5/8
  2577 | D:3      | Found a hide-covered altar of Uskayaw.
  2579 | D:3      | Reached skill level 4 in Conjurations
  2864 | D:3      | Noticed Jessica
  2869 | D:3      | Killed Jessica
  2891 | D:3      | Noticed Natasha
  2903 | D:3      | Killed Natasha
  2992 | D:3      | Noticed Natasha
  2998 | D:3      | Killed Natasha
  2999 | D:3      | Reached skill level 5 in Conjurations
  2999 | D:3      | Gained mutation: You have razor-sharp toenails. [demonic
                  | ancestry]
  2999 | D:3      | Reached XP level 5. HP: 24/35 MP: 2/9
  3097 | D:3      | Learned a level 3 spell: Mephitic Cloud
  3173 | D:3      | Noticed Natasha
  3182 | D:3      | Killed Natasha
  3505 | D:3      | Reached skill level 1 in Poison Magic
  3727 | D:3      | Noticed Grinder
  3736 | D:3      | Paralysed by Grinder for 5 turns
  3740 | D:3      | Slain by Grinder

Illustrated notes

Levels and vault maps discovered:
D:1:      onia_arrival_pentagram, layout_basic, chequers_ecumenical_altar_lobes,
          kennysheep_pointless_box, minmay_misc_feat_alley
D:2:      layout_rooms, serial_bayou_pond_b, minmay_indecisive_spiral
D:3:      layout_rooms, eat_drink_and_be_merry_uskayaw, minmay_misc_feat_plants,
          uniq_grinder, uniq_jessica, uniq_natasha

Skill      XL: |  1  2  3  4  5 |
---------------+----------------+-----
Conjurations   | 2 3 5 |  5.4
Poison Magic   | 1 |  1.0
Dodging        | |  1.7
Stealth        | |  1.7
Spellcasting   | |  3.0
Summonings     | |  1.0
Translocations | |  0.8

Action                   |  1- 3 |  4- 6 || total
-------------------------+-------+-------++-------
Melee: Dagger            |    35 |    13 ||    48
       Kick              |     8 |     2 ||    10
 Cast: Magic Dart        |    89 |    56 ||   145
 Stab: Sleeping          |     1 |       ||     1
Armor: Robe              |     7 |     5 ||    12
Dodge: Dodged            |    33 |    10 ||    43
